AoeStats
← Tomato

Black Forest

507528607Analyzed
4v4 RM · 13d ago on Sep 18, 2026· 41m 23s· 8 players
Game mode
Random Map
Map size
Large (8 player)
Population
200
Speed
Normal
Resources
Standard
Victory
Conquest
Starting age
Dark Age
Ending age
Imperial Age
RankedLock teamsTeams togetherTeam positionsShared explorationLock speedFull tech treeHidden civsTurbo modeCheats
Victory
Defeat
🇨🇳 Teutons · China
1433
+14
🇨🇳 Persians · China
1403
+16
🇨🇳 Bohemians · China
1399
+16
🇧🇪 Ethiopians · Belgium
1397
+16
🇹🇷 Mongols · Türkiye
1451
-18
🇺🇸 Spanish · United States
1431
-17
🇳🇱 Britons · Netherlands
1366
-14
🇺🇸 Lithuanians · United States
1339
-13
The Legacy
1:35 Loom
14:28 Feudal Age
18:39 Castle Age
17:35 Double-Bit Axe
17:32 Horse Collar
19:41 Fletching
19:13 Crossbowman
29:04 Bow Saw
29:05 Heavy Plow
34:34 Wheelbarrow
35:24 Gold Mining
36:36 Bodkin Arrow
36:50 Town Watch
40:19 Imperial Age
38:27 Padded Archer Armor
39:10 Thumb Ring
39:58 Leather Archer Armor
40:04 Ballistics
40:16 Hand Cart
41:01 Caravan
42:32 Chemistry
徽sir
11:33 Feudal Age
15:09 Castle Age
14:11 Double-Bit Axe
14:07 Horse Collar
16:26 Bow Saw
17:25 Wheelbarrow
22:00 Scale Barding Armor
22:49 Gold Mining
23:31 Loom
24:16 Forging
24:50 Stone Mining
26:11 Stone Shaft Mining
26:38 Husbandry
26:49 Bloodlines
28:23 Hand Cart
29:56 Devotion
33:06 Imperial Age
31:11 Forging
31:02 Town Watch
31:48 Chain Barding Armor
32:05 Heavy Plow
33:03 Iron Casting
33:54 Gold Shaft Mining
33:47 Faith
33:50 Conscription
34:10 Plate Barding Armor
34:44 Crop Rotation
36:24 Blast Furnace
36:14 Elite War Elephant
1722767622
11:37 Feudal Age
11:45 Loom
12:20 Double-Bit Axe
13:02 Fishing Lines
16:46 Loom
19:08 Castle Age
20:35 Wheelbarrow
20:39 Gillnets
21:05 Bow Saw
20:45 Horse Collar
22:02 Fervor
23:56 Wheelbarrow
29:44 Imperial Age
27:32 Hand Cart
28:28 Chemistry
27:49 Ballistics
30:48 Siege Engineers
30:09 Houfnice
32:05 Scale Mail Armor
32:07 Padded Archer Armor
31:55 Town Watch
31:55 Pikeman
32:36 Squires
33:13 Wagenburg Tactics
33:29 Conscription
33:55 Town Patrol
34:14 Chain Mail Armor
34:14 Leather Archer Armor
33:59 Halberdier
36:32 Two-Man Saw
36:36 Fletching
37:34 Heavy Scorpion
iiiiice
7:13 Loom
9:45 Feudal Age
20:10 Fletching
24:54 Castle Age
23:29 Double-Bit Axe
23:25 Horse Collar
25:47 Bow Saw
26:27 Wheelbarrow
26:55 Scale Barding Armor
30:44 Hand Cart
33:12 Gold Mining
37:43 Imperial Age
36:04 Town Watch
36:49 Stone Mining
37:46 Onager
38:34 Siege Engineers
37:58 Capped Ram
39:46 Siege Onager
IamBritt
11:23 Feudal Age
9:43 Loom
11:28 Feudal Age
15:51 Castle Age
14:45 Double-Bit Axe
14:45 Horse Collar
16:54 Bow Saw
27:05 Wheelbarrow
27:55 Inquisition
29:09 Fervor
29:47 Sanctity
32:21 Hand Cart
35:21 Imperial Age
33:26 Gold Mining
33:28 Stone Mining
33:41 Heavy Plow
34:31 Scale Barding Armor
34:38 Forging
35:12 Coinage
35:27 Caravan
35:46 Cavalier
36:47 Chain Barding Armor
37:01 Bloodlines
37:33 Banking
37:14 Paladin
37:56 Husbandry
Skirm2OP
7:50 Loom
10:13 Feudal Age
15:56 Castle Age
15:18 Double-Bit Axe
15:15 Horse Collar
23:29 Wheelbarrow
23:13 Bow Saw
26:27 Gold Mining
26:28 Stone Mining
30:46 Imperial Age
29:02 Scale Barding Armor
29:55 Bloodlines
29:46 Husbandry
30:14 Heavy Plow
31:42 Chain Barding Armor
30:56 Elite Leitis
31:28 Treadmill Crane
33:00 Chemistry
33:12 Conscription
33:39 Plate Barding Armor
34:11 Hand Cart
34:42 Forging
35:01 Fletching
36:18 Masonry
37:26 Bodkin Arrow
38:04 Cavalier
39:36 Iron Casting
39:08 Paladin
41:17 Caravan
CBRM
0:31 Loom
11:52 Feudal Age
16:15 Castle Age
14:34 Double-Bit Axe
17:55 Bow Saw
19:29 Fishing Lines
23:30 Fletching
26:20 Horse Collar
28:59 Wheelbarrow
28:53 Gillnets
30:15 Gold Mining
33:41 Imperial Age
31:47 Hand Cart
32:27 Bodkin Arrow
32:48 Padded Archer Armor
33:45 Onager
35:17 Gold Shaft Mining
34:48 Stone Mining
36:09 Chemistry
35:58 Drill
35:59 Conscription
36:42 Bracer
36:58 Leather Archer Armor
38:41 Town Watch
39:02 Scale Barding Armor
39:10 Bloodlines
39:00 Husbandry
39:45 Ballistics
39:53 Murder Holes
41:23 Chain Barding Armor
Tomato
0:48 Loom
11:28 Feudal Age
19:55 Castle Age
18:45 Fletching
21:33 Guard Tower
27:11 Wheelbarrow
26:53 Bodkin Arrow
30:29 Double-Bit Axe
30:55 Horse Collar
37:10 Imperial Age
35:55 Ballistics
35:58 Padded Archer Armor
36:55 Hand Cart
36:25 Town Watch
38:20 Conscription
37:25 Crossbowman
38:07 Arbalester
40:04 Yeomen
40:18 Gold Mining
Connection lost

Rejoining the realm…

Still unreachable

The connection could not be restored.

Session expired

The server has moved on; the page needs a fresh start.